 Dungeon Crawl Stone Soup version 0.25-a0-42-g6c54e25894 (webtiles) character file.

Game seed: 6868425488372688447, levelgen mode: deterministic

16605 inmateoo the Fighter (level 12, -5/111 (113) HPs)
             Began as a Minotaur Hunter on Oct 22, 2019.
             Was a High Priest of Okawaru.
             Slain by Jorgrun
             ... wielding a +0 quarterstaff of crushing
              (23 damage)
             ... on level 13 of the Dungeon.
             The game lasted 00:19:01 (10612 turns).

inmateoo the Fighter (Minotaur Hunter)             Turns: 10612, Time: 00:19:01

HP:   -5/111 (113)  AC:  9    Str: 21    XL:     12   Next: 11%
MP:   15/15         EV: 16    Int:  8    God:    Okawaru [*****.]
Gold: 293           SH:  7    Dex: 12    Spells: 11/11 levels left

rFire    . . .     SeeInvis .   b - +1 short sword (elec)
rCold    . . .     Gourm    .   B - +2 buckler
rNeg     . . .     Faith    .   P - +0 troll leather armour
rPois    .         Spirit   .   (helmet restricted)
rElec    .         Reflect  .   N - +1 cloak {MR+}
rCorr    .         Harm     .   y - +0 pair of gloves
MR       ++...                  (no boots)
Stlth    +++.......             S - amulet of regeneration
HPRegen  1.08/turn              J - +3 ring of evasion
MPRegen  0.14/turn              q - ring of protection from magic

@: grasped by roots, constricted, studying Fighting
A: retaliatory headbutt, horns 2
a: Heroism, Finesse, Renounce Religion


You were on level 13 of the Dungeon.
You worshipped Okawaru.
Okawaru was extremely pleased with you.
You were not hungry.

You visited 1 branch of the dungeon, and saw 13 of its levels.
You also visited: Sewer.

You collected 776 gold pieces.
You spent 483 gold pieces at shops.

Inventory:

Hand Weapons
 a - a +4 trident
 b - a +1 short sword of electrocution (weapon)
Missiles
 c - 10 javelins
 d - 2 throwing nets (quivered)
 j - 47 poisoned darts
 l - 293 stones
 n - 2 curare-tipped darts
 I - 13 boomerangs
 L - 5 silver javelins
Armour
 y - a +0 pair of gloves (worn)
 B - a +2 buckler (worn)
 H - the +0 cloak "Tuxashid" {rC+ Str+4 Stlth+}
   (You acquired it on level 11 of the Dungeon)

   It affects your strength (+4).
   It protects you from cold.
   It makes you more stealthy.
 N - a +1 cloak of magic resistance (worn)
 P - a +0 troll leather armour (worn)
Jewellery
 g - an uncursed ring of wizardry
 q - a ring of protection from magic (right hand)
 t - an uncursed ring of ice {unknown}
 J - a +3 ring of evasion (left hand)
 M - a cursed -3 ring of protection {unknown}
 S - an amulet of regeneration (around neck)
 U - an uncursed ring of ice {unknown}
Wands
 p - a wand of polymorph (9)
 x - a wand of acid (13)
 C - a wand of random effects (19)
 R - a wand of digging (5)
Scrolls
 e - 4 scrolls of blinking
 h - 6 scrolls of remove curse
 i - 4 scrolls of magic mapping
 m - 5 scrolls of enchant weapon
 r - 8 scrolls of teleportation
 u - 2 scrolls of enchant armour
 A - 2 scrolls of fog
 D - a scroll of holy word
 F - 3 scrolls of fear
 K - 3 scrolls of identify
 T - a scroll of vulnerability {unknown}
Potions
 k - 5 potions of curing
 o - a potion of might {unknown}
 s - 4 potions of brilliance {unknown}
 v - a potion of berserk rage {unknown}
 w - 2 potions of lignification {unknown}
 z - 2 potions of agility
 E - a potion of magic {unknown}
 G - 3 potions of heal wounds
Books
 Q - a manual of Fighting
Comestibles
 f - 17 rations


   Skills:
 * Level 12.4 Fighting
 - Level 5.0 Short Blades
 * Level 10.9 Throwing
 + Level 8.9 Armour
 + Level 8.3 Dodging
 - Level 5.0 Stealth
 - Level 4.0 Shields
 + Level 5.8 Invocations


You had 11 spell levels left.
You didn't know any spells.
Your spell library contained the following spells:

 Spells                   Type           Power        Failure   Level  Hunger
 Flame Tongue             Conj/Fire      #....        43%         1    ##.....
 Summon Butterflies       Summ           #.......     43%         1    ##.....
 Throw Flame              Conj/Fire      #.....       58%         2    ###....
 Call Canine Familiar     Summ           #.......     82%         3    ####...
 Conjure Flame            Conj/Fire      #.......     82%         3    ####...
 Inner Flame              Hex/Fire       #.......     82%         3    ####...
 Sticky Flame             Conj/Fire      #.......     99%         4    #####..
 Summon Ice Beast         Ice/Summ       #.......     99%         4    #####..
 Fireball                 Conj/Fire      #.........   100%        5    ######.
 Summon Mana Viper        Hex/Summ       #.......     100%        5    ######.
 Ring of Flames           Chrm/Fire      #.........   100%        7    #######
 Summon Hydra             Summ           #.........   100%        7    #######
 Shatter                  Erth           #.........   100%        9    #######


Dungeon Overview and Level Annotations

Branches:
Dungeon (13/15)            Temple (0/1) D:7            Lair (0/6) D:9
    Orc (0/2) D:12          Sewer (visited)
 Vaults: D:13-14

Altars:
Ashenzari
Cheibriados
Elyvilon
Fedhas
Kikubaaqudgha
Okawaru
Qazlal
Trog
Uskayaw
Xom
Yredelemnul
The Shining One

Shops:
D:5 ?   D:7 [

Portals:
Trove: D:12 (give +4 fire dragon scales)

Annotations:
D:13 Jorgrun


Innate Abilities, Weirdness & Mutations

You reflexively headbutt those who attack you in melee.
You have a pair of horns on your head.


Message History

Jorgrun is almost dead.
Unknown command.
You closely miss Jorgrun. You headbutt Jorgrun.
Jorgrun is almost dead.
You block Jorgrun's attack.
* * * LOW HITPOINT WARNING * * *
The grasping roots constrict you!
Unknown command.
Unknown command.
Quiver which item? (- for none, * to show all) (? for menu, Esc to quit)
Quivering
d - 3 throwing nets for throwing.
Throwing (i - inventory. (/) - cycle)
d - 3 throwing nets (quivered)
Press: ? - help, Shift-Dir - straight line, f/p - Jorgrun
Aim: Jorgrun, wielding a +0 quarterstaff of crushing and wearing a +0 robe (almost dead, slow, poisoned)
You throw a throwing net. The throwing net hits Jorgrun.
Jorgrun is caught in the net!
Jorgrun is almost dead.
You hit Jorgrun but do no damage.
Jorgrun is almost dead.
You die...

########################
.........^..............
>...............@g((((.(
#####..###############^
#..###########
####.............
........รท.........
............####
###########.#########
########..........
.......<..........


You could see Jorgrun (caught).

Vanquished Creatures
  3 two-headed ogres
  An ugly thing (D:12)
  A cyclops (D:11)
  A gargoyle (D:11)
  4 trolls
  A hornet (D:8)
  21 yaks
  4 hungry ghosts
  A wyvern (D:10)
  4 vampire mosquitoes (D:12)
  2 soldier ants
  2 sky beasts (D:8)
  Purgy (Sewer)
  10 orc warriors
  2 black bears
  2 eyes of draining
  3 ice beasts
  12 ogres
  9 centaurs
  A necrophage (D:4)
  3 phantoms
  2 big kobolds
  Blork the orc (D:5)
  6 bullfrogs
  A scorpion (D:12)
  A wyvern skeleton (D:11)
  6 killer bees (D:10)
  7 wights
  6 howler monkeys
  3 bullfrog zombies
  7 crimson imps
  5 bullfrog skeletons
  3 centaur zombies
  5 hounds
  2 jellies (D:10)
  9 orc priests
  3 centaur skeletons
  15 orc wizards
  5 iguanas
  6 worker ants
  A killer bee zombie (D:5)
  A hound zombie (D:9)
  Robin (D:2)
  A howler monkey zombie (D:9)
  A worker ant zombie (D:11)
  6 gnolls
  A howler monkey skeleton (D:4)
  20 adders
  4 shadow imps
  2 oozes (D:2)
  3 adder skeletons
  2 worms
  3 dart slugs
  7 leopard geckos
  59 orcs
  5 giant cockroaches
  16 goblins
  8 hobgoblins
  4 jackals
  5 quokkas
  4 ball pythons
  11 bats
  13 frilled lizards
  15 kobolds
  A quokka zombie (D:6)
  10 rats
385 creatures vanquished.

Vanquished Creatures (others)
  An orc priest (D:4)
1 creature vanquished.

Grand Total: 386 creatures vanquished

Notes
Turn   | Place    | Note
-------+----------+-------------------------------------------
     0 | D:1      | inmateoo the Minotaur Hunter began the quest for the Orb.
     0 | D:1      | Reached XP level 1. HP: 18/18 MP: 0/0
   119 | D:1      | Reached XP level 2. HP: 21/25 MP: 1/1
   447 | D:1      | Reached skill level 3 in Fighting
   646 | D:2      | Reached XP level 3. HP: 27/31 MP: 2/2
   792 | D:2      | Reached skill level 1 in Short Blades
   927 | D:2      | Reached XP level 4. HP: 38/38 MP: 3/3
  1097 | D:2      | Noticed Robin
  1107 | D:2      | Reached skill level 1 in Armour
  1120 | D:2      | Killed Robin
  1367 | D:3      | Reached skill level 5 in Throwing
  1587 | D:3      | Found a stormy altar of Qazlal.
  1587 | D:3      | Found an ancient bone altar of Kikubaaqudgha.
  1592 | D:3      | Found a white marble altar of Elyvilon.
  1595 | D:3      | Reached XP level 5. HP: 46/46 MP: 4/4
  1596 | D:3      | Found a blossoming altar of Fedhas.
  1597 | D:3      | Found a shimmering altar of Xom.
  1977 | D:4      | Reached skill level 4 in Fighting
  2023 | D:4      | Reached XP level 6. HP: 43/53 MP: 5/5
  2410 | D:4      | Identified the ring of Cotulocs {*Tele Stlth+}
  2415 | D:5      | Entered Level 5 of the Dungeon
  2417 | D:5      | Noticed an ice beast
  2429 | D:5      | Killed an ice beast
  2429 | D:5      | Reached skill level 1 in Stealth
  2429 | D:5      | Reached XP level 7. HP: 45/60 MP: 6/6
  2534 | D:4      | Got a pair of heavily runed gloves
  2540 | D:4      | Identified the cursed -5 pair of gloves of Twilight {rPois
                  | rF- Int+2} (You found it on level 4 of the Dungeon)
  2597 | D:4      | Reached skill level 5 in Fighting
  3259 | D:5      | Noticed Blork the orc
  3269 | D:5      | Killed Blork the orc
  3269 | D:5      | Reached XP level 8. HP: 65/68 MP: 7/7
  3292 | D:5      | Found a hide-covered altar of Uskayaw.
  3319 | D:5      | Found Justrovy's Magic Scroll Shop.
  3333 | D:5      | Reached skill level 6 in Fighting
  3357 | D:5      | Bought a scroll of blinking for 97 gold pieces
  3357 | D:5      | Bought a scroll of random uselessness for 13 gold pieces
  3357 | D:5      | Bought a scroll of holy word for 97 gold pieces
  3357 | D:5      | Bought a scroll of immolation for 45 gold pieces
  3385 | D:5      | Reached skill level 5 in Short Blades
  3765 | D:6      | Found an iron altar of Okawaru.
  3772 | D:6      | Became a worshipper of Warmaster Okawaru
  3819 | D:6      | Reached skill level 1 in Shields
  3878 | D:6      | Found a basalt altar of Yredelemnul.
  3953 | D:6      | Reached skill level 5 in Armour
  3971 | D:6      | Reached skill level 7 in Fighting
  3992 | D:6      | Found a glowing golden altar of the Shining One.
  3995 | D:6      | Found a snail-covered altar of Cheibriados.
  3997 | D:6      | Found a shattered altar of Ashenzari.
  4147 | D:6      | Found a glowing drain.
  4152 | Sewer    | Entered a sewer
  4177 | Sewer    | Noticed Purgy
  4186 | Sewer    | Killed Purgy
  4186 | Sewer    | Reached XP level 9. HP: 74/77 MP: 8/8
  4734 | D:6      | Reached skill level 5 in Dodging
  4736 | D:6      | Reached * piety under Okawaru
  4842 | D:7      | You fall into a shaft and drop 1 floor!
  4849 | D:8      | Paralysed by a hornet for 3 turns
  4854 | D:8      | Reached skill level 1 in Invocations
  5176 | D:8      | Reached skill level 8 in Fighting
  5197 | D:8      | Reached ** piety under Okawaru
  5238 | D:8      | You fall into a shaft and drop 1 floor!
  5881 | D:9      | Reached XP level 10. HP: 81/88 MP: 10/10
  6255 | D:9      | Found a staircase to the Lair.
  6364 | D:8      | Found a bloodstained altar of Trog.
  6506 | D:8      | Noticed a two-headed ogre
  6540 | D:8      | Killed a two-headed ogre
  6540 | D:8      | Reached *** piety under Okawaru
  6540 | D:8      | Received a gift from Okawaru
  6540 | D:8      | Reached skill level 9 in Fighting
  7147 | D:7      | Found a staircase to the Ecumenical Temple.
  7591 | D:7      | Found Epsuf's Armour Emporium.
  7599 | D:7      | Bought a +1 cloak of magic resistance for 231 gold pieces
  7802 | D:10     | Entered Level 10 of the Dungeon
  7903 | D:10     | Reached **** piety under Okawaru
  7958 | D:10     | Received a gift from Okawaru
  8086 | D:10     | Received a gift from Okawaru
  8131 | D:10     | Reached skill level 10 in Fighting
  8359 | D:10     | Reached XP level 11. HP: 97/97 MP: 13/13
  8775 | D:11     | Noticed a two-headed ogre
  8789 | D:11     | Killed a two-headed ogre
  8789 | D:11     | Reached ***** piety under Okawaru
  8848 | D:11     | Identified the amulet "Utuof" {Acrobat Int+4}
  8872 | D:11     | Reached skill level 5 in Stealth
  8963 | D:11     | Received a gift from Okawaru
  9225 | D:11     | Identified the Disquisition on the Dusty Blaze
  9291 | D:11     | Identified a scroll of acquirement
  9294 | D:11     | Got a twisted cloak
  9305 | D:11     | Identified the +0 cloak "Tuxashid" {rC+ Str+4 Stlth+} (You
                  | acquired it on level 11 of the Dungeon)
  9384 | D:11     | Noticed a two-headed ogre
  9394 | D:11     | Killed a two-headed ogre
  9394 | D:11     | Received a gift from Okawaru
  9394 | D:11     | Reached skill level 10 in Throwing
  9657 | D:12     | Reached skill level 5 in Invocations
  9764 | D:12     | Reached skill level 11 in Fighting
  9825 | D:12     | Received a gift from Okawaru
  9981 | D:12     | Reached skill level 12 in Fighting
 10093 | D:12     | Reached XP level 12. HP: 110/110 MP: 15/15
 10155 | D:12     | Found a staircase to the Orcish Mines.
 10361 | D:12     | Found a portal to a secret trove of treasure.
 10583 | D:13     | Noticed Jorgrun
 10612 | D:13     | Slain by Jorgrun

Levels and vault maps discovered:
D:1:      dpeg_arrival_chambers_temple_mockup, layout_rooms, minmay_pentomino_v4
D:2:      layout_rooms, uniq_robin
D:3:      layout_rooms, chequers_temple_overflow_minitemple
D:4:      layout_basic
D:5:      layout_cave_pools, nicolae_overflow_crystal_walls, first_ration,
          serial_shops, shop_fountains, minmay_misc_feat_alley,
          uniq_blork_the_orc
D:6:      layout_cave_pools, gammafunk_temple_overflow_forgotten,
          kennysheep_mini_moat, okawaru_trees_1, gup_sewer_entry_spiral
D:7:      layout_cave_pools, minmay_temple_entry_tees, serial_shops,
          nicolae_shop_waterfront
D:8:      layout_cave_pools, lemuel_doored_altar
D:9:      layout_rooms, lair_entry_dummy, serial_corexii_hall,
          corexii_hall_statues_i, chequers_hall_statues_wall_a,
          corexii_hall_statues_i, grunt_ogre_cave
D:10:     layout_stronghold
D:11:     layout_roguey [special_room_orc]
D:12:     layout_loops_ring, orc_0_dummy, enter_trove_1, drop_trap
D:13:     layout_long_grid, serial_shops, shop_fountains, serial_undead,
          serial_undead_e, serial_undead_e, serial_undead_a, serial_undead_b,
          nicolae_ru_sacrificial_ziggurat, uniq_jorgrun

Skill      XL: |  1  2  3  4  5  6  7  8  9 10 11 |
---------------+----------------------------------+-----
Fighting       | 3 4 5 7 8 10 12 | 12.4
Short Blades   | 1 2 3 4 5 |  5.0
Armour         | 1 2 3 4 5 6 7 8 |  8.9
Throwing       | 5 6 8 9 10 | 10.9
Dodging        | 3 4 5 6 8 |  8.3
Stealth        | 1 2 3 4 5 |  5.0
Shields        | 1 3 4 |  4.0
Invocations    | 2 4 5 |  5.8

Action                   |  1- 3 |  4- 6 |  7- 9 | 10-12 || total
-------------------------+-------+-------+-------+-------++-------
Melee: Short sword       |    75 |   116 |   331 |   480 ||  1002
       Headbutt          |     8 |    34 |    59 |    95 ||   196
Throw: Dart              |     5 |     9 |     9 |    24 ||    47
       Javelin           |       |     7 |     9 |    30 ||    46
       Throwing net      |       |     1 |       |     2 ||     3
       Boomerang         |       |       |       |    98 ||    98
       Stone             |       |       |       |     1 ||     1
  Use: Scroll            |       |       |    12 |     5 ||    17
 Stab: Sleeping          |     1 |       |       |    10 ||    11
       Held in net/web   |       |     1 |       |       ||     1
       Invisible         |       |       |       |     1 ||     1
  Eat: Chunk             |       |     5 |    12 |    17 ||    34
       Ration            |       |       |     1 |       ||     1
Armor: Leather armour    |    21 |     8 |       |       ||    29
       Ring mail         |       |    13 |    91 |    40 ||   144
       Troll leather arm |       |       |       |    22 ||    22
Dodge: Dodged            |    65 |    55 |   180 |   250 ||   550
Block: Buckler           |       |       |    68 |    94 ||   162

Table legend:
 A = Non-vault XP
 B = Vault XP
 C = Vault XP percentage of total XP
 D = Non-vault monster count
 E = Vault monster count
 F = Vault count percentage of total count
                 A         B        C        D         E       F
            +---------+---------+-------+---------+---------+-------
      Total |   22019 |    1703 |   7.2 |     335 |      51 |  13.2
            +---------+---------+-------+---------+---------+-------
        D:1 |      34 |       5 |  12.8 |      20 |       3 |  13.0
        D:2 |      92 |      34 |  27.0 |      28 |      10 |  26.3
        D:3 |      35 |       0 |   0.0 |      14 |       0 |   0.0
        D:4 |     714 |       0 |   0.0 |      38 |       0 |   0.0
        D:5 |     807 |      85 |   9.5 |      20 |       1 |   4.8
        D:6 |    1161 |      35 |   2.9 |      29 |       6 |  17.1
        D:7 |    1123 |       0 |   0.0 |      31 |       0 |   0.0
        D:8 |    2418 |       0 |   0.0 |      24 |       0 |   0.0
        D:9 |    1692 |     113 |   6.3 |      28 |       1 |   3.4
       D:10 |    2758 |       0 |   0.0 |      45 |       0 |   0.0
       D:11 |    3352 |    1291 |  27.8 |      15 |      23 |  60.5
       D:12 |    7689 |       0 |   0.0 |      41 |       0 |   0.0
       D:13 |     144 |       0 |   0.0 |       2 |       0 |   0.0
      Sewer |       0 |     140 | 100.0 |       0 |       7 | 100.0
            +---------+---------+-------+---------+---------+-------
